 Dungeon Crawl Stone Soup version 0.23-a0-394-g6ce9549 (webtiles) character file.

268 JeffiDaFish the Magician (level 6, -11/32 HPs)
             Began as a Deep Elf Ice Elementalist on Nov 1, 2018.
             Was an Initiate of Vehumet.
             Killed by divine providence
             ... invoked by an orc priest
              (12 damage)
             ... on level 4 of the Dungeon.
             The game lasted 00:08:38 (4230 turns).

JeffiDaFish the Magician (DEIE)                     Turns: 4230, Time: 00:08:38

Health: -11/32     AC:  2    Str:  5    XL:     6   Next: 1%
Magic:  15/17      EV: 14    Int: 24    God:    Vehumet [......]
Gold:   162        SH:  0    Dex: 15    Spells: 6/16 levels left

rFire    . . .     SeeInvis +   b - +0 short sword
rCold    . . .     Gourm    .   (no shield)
rNeg     . . .     Faith    .   a - +0 robe
rPois    .         Spirit   .   (no helmet)
rElec    .         Reflect  .   (no cloak)
rCorr    .         Harm     .   (no gloves)
MR       .....                  (no boots)
Stlth    ++........             (no amulet)
HPRegen  0.10/turn              (no ring)
MPRegen  0.15/turn              (no ring)

@: no status effects
A: see invisible, clever 1, high mp 1
a: Renounce Religion


You were on level 4 of the Dungeon.
You worshipped Vehumet.
Vehumet was noncommittal.
You were not hungry.

You visited 1 branch of the dungeon, and saw 4 of its levels.

You collected 162 gold pieces.

Inventory:

Hand Weapons
 b - a +0 short sword (weapon)
Armour
 a - a +0 robe (worn)
Scrolls
 d - a scroll of magic mapping
 e - a scroll of teleportation
 f - 4 scrolls of identify
 g - a scroll of remove curse
 i - a scroll of fear
Potions
 j - 2 potions of heal wounds
Comestibles
 c - 5 rations


   Skills:
 + Level 3.7 Dodging
 - Level 2.5 Stealth
 * Level 5.6 Spellcasting
 + Level 2.0 Conjurations
 * Level 5.2 Ice Magic


You had 6 spell levels left.
You knew the following spells:

 Your Spells              Type           Power        Failure   Level  Hunger
a - Freeze                Ice            ####         1%          1    None
b - Ozocubu's Armour      Chrm/Ice       ###.....     9%          3    #......
c - Throw Icicle          Conj/Ice       ###.....     19%         4    ###....
d - Blink                 Tloc           N/A          13%         2    None

Your spell library contained the following spells:

 Spells                   Type           Power        Failure   Level  Hunger
 Throw Frost              Conj/Ice       ###...       2%          2    None
 Magic Dart               Conj           ###.         3%          1    None
 Call Imp                 Summ           #.......     13%         2    None
 Slow                     Hex            #.......     13%         2    None
 Conjure Flame            Conj/Fire      ##......     16%         3    #......
 Mephitic Cloud           Conj/Pois/Air  ##......     19%         3    #......
 Summon Ice Beast         Ice/Summ       ###.....     28%         4    ###....


Dungeon Overview and Level Annotations

Branches:
Dungeon (4/15)
 Temple: D:4-7

Altars:
Vehumet


Innate Abilities, Weirdness & Mutations

You have supernaturally acute eyesight. (SInv)
Your mind is acute. (Int +2)
You have an increased reservoir of magic. (+10% MP)


Message History

The orc priest is lightly wounded.
The orc priest hits you but does no damage.
The orc priest calls upon Beogh to heal the orc priest.
The orc priest's wounds heal themselves!
Casting: Freeze (safe; 1% risk of failure)
Confirm with . or Enter, or press ? or * to list all spells.
Aiming: Freeze (safe; 1% risk of failure)
Press: ? - help, Shift-Dir - straight line, f/p - orc priest
Aim: an orc priest, wielding a +0 dagger You freeze the orc priest.
The orc priest is lightly wounded.
The orc priest hits you with a +0 dagger.
The orc priest invokes the aid of Beogh against you.
Beogh smites you!
The orc priest invokes the aid of Beogh against you.
Beogh smites you!
* * * LOW HITPOINT WARNING * * *
The orc priest mumbles some strange prayers to Beogh against you.
Beogh smites you!
You die...

#........##.#...##.#...
#........##.#.#....###.
#........##.###########
#..?.o...##.#..........
#o#..##.#.#########
#o#..##...# #.#...^.###
######.#..##.####
#......@........#
#.####.#.#.#.#### #.#
#.#...#.# #.# #.#.....#
#.####.####### #....).#
########


You could see 2 orc priests and an orc.

Vanquished Creatures
  An ogre (D:4)
  Terence (D:3)
  An iguana (D:4)
  A worker ant (D:4)
  2 adders
  2 river rats (D:3)
  4 worms
  A dart slug (D:1)
  A ball python (D:2)
  8 giant cockroaches
  8 goblins
  10 hobgoblins
  2 jackals (D:4)
  A quokka (D:3)
  8 bats
  2 frilled lizards
  A jackal skeleton (D:4)
  4 kobolds
  A quokka skeleton (D:4)
  3 rats
62 creatures vanquished.

Notes
Turn   | Place    | Note
-------+----------+-------------------------------------------
     0 | D:1      | JeffiDaFish the Deep Elf Ice Elementalist began the quest
                  | for the Orb.
     0 | D:1      | Reached XP level 1. HP: 10/10 MP: 6/6
   386 | D:1      | Reached XP level 2. HP: 15/15 MP: 5/8
   605 | D:1      | Gained mutation: You have an increased reservoir of magic.
                  | (+10% MP) [potion of mutation]
   605 | D:1      | Gained mutation: Your mind is acute. (Int +2) [potion of
                  | mutation]
   605 | D:1      | Gained mutation: You have supernaturally acute eyesight.
                  | (SInv) [potion of mutation]
  1774 | D:2      | Reached XP level 3. HP: 15/19 MP: 7/11
  1933 | D:2      | Learned a level 3 spell: Ozocubu's Armour
  2414 | D:3      | Noticed Terence
  2424 | D:3      | Killed Terence
  2424 | D:3      | Reached XP level 4. HP: 18/24 MP: 5/13
  2737 | D:3      | Found a radiant altar of Vehumet.
  2754 | D:3      | Became a worshipper of Vehumet
  2803 | D:3      | Learned a level 4 spell: Throw Icicle
  3025 | D:3      | HP: 1/24 [worm (9)]
  3595 | D:4      | Noticed an ogre
  3602 | D:4      | Killed an ogre
  3602 | D:4      | Reached skill level 5 in Spellcasting
  3602 | D:4      | Reached skill level 5 in Ice Magic
  3602 | D:4      | Reached XP level 5. HP: 26/28 MP: 4/16
  3918 | D:4      | Learned a level 2 spell: Blink
  3930 | D:4      | Reached XP level 6. HP: 32/32 MP: 8/17
  4229 | D:4      | HP: 1/32 [orc priest/divine providence (14)]
  4230 | D:4      | Killed from afar by an orc priest

Vault maps used:
D:1:      lightli_arrival_boilingwater
D:3:      vehumet_crystals, gup_sewer_entry_spiral, serial_bayou_pond_b,
          uniq_terence
D:4:      gammafunk_ghost_grave, first_ration

Skill      XL: |  1  2  3  4  5 |
---------------+----------------+-----
Spellcasting   | 4 5 |  5.6
Ice Magic      | 4 5 |  5.2
Dodging        | 3 |  3.7
Conjurations   | 2 |  2.0
Stealth        | |  2.5

Action                   |  1- 3 |  4- 6 || total
-------------------------+-------+-------++-------
Melee: Short sword       |    63 |    41 ||   104
 Cast: Freeze            |    38 |    37 ||    75
       Throw Icicle      |       |     7 ||     7
  Use: Scroll            |     7 |       ||     7
       Potion            |     4 |     2 ||     6
 Stab: Sleeping          |     4 |     1 ||     5
  Eat: Chunk             |     5 |     6 ||    11
Armor: Robe              |    19 |     8 ||    27
Dodge: Dodged            |    52 |    47 ||    99

Table legend:
 A = Non-vault XP
 B = Vault XP
 C = Vault XP percentage of total XP
 D = Non-vault monster count
 E = Vault monster count
 F = Vault count percentage of total count
                 A         B        C        D         E       F
            +---------+---------+-------+---------+---------+-------
      Total |     294 |      90 |  23.4 |      49 |      13 |  21.0
            +---------+---------+-------+---------+---------+-------
        D:1 |      32 |       0 |   0.0 |      17 |       0 |   0.0
        D:2 |      36 |       0 |   0.0 |      14 |       0 |   0.0
        D:3 |      15 |      90 |  85.7 |       9 |      13 |  59.1
        D:4 |     211 |       0 |   0.0 |       9 |       0 |   0.0
            +---------+---------+-------+---------+---------+-------
